Map: Romanticide LE

Players

rottenorange

  • Race: Zerg Zerg
  • League: Gold
  • Spawn Location: 5:00

AteBitHavoc - Winner!

  • Race: Terran Terran
  • League: Platinum
  • Spawn Location: 11:00

VOD

Have the link to the VOD?

Description

Time

  • Played on: Oct. 11, 2020, 7:44 a.m.
  • Length: 21:57
Show
View Real Time Build Order
Export as new Build Order

rottenorange Zerg 

Build Orders: Hatch First 

Get SALT Encoding   

  12  0:00  Drone  
  13  0:13  Overlord  
  13  0:17  Drone  
  14  0:31  Drone  
  14  0:32  Drone  
  16  0:51  Hatchery  
  16  0:57  Drone  
  16  1:01  Extractor  
  15  1:14  Drone, Spawning Pool  
  15  1:17  Drone  
  16  1:24  Drone  
  17  1:28  Drone  
  18  1:40  Drone  
  19  1:52  Drone  
  20  2:20  Queen  
  20  2:22  Queen  
  24  2:23  Zergling x4  
  24  2:27  Drone x2  
  24  2:28  Overlord x2  
  27  2:52  Spine Crawler  
  27  2:54  Spine Crawler  
  25  3:10  Queen  
  27  3:24  Drone x4  
  27  3:25  Drone  
  32  3:43  Metabolic Boost  
  32  3:52  Drone  
  32  3:53  Drone x6  
  39  4:11  Overlord x3  
  39  4:31  Drone  
  40  4:33  Drone x3  
  40  4:37  Overlord x2  
  43  4:46  Roach Warren  
  43  4:47  Lair  
  43  4:49  Drone  
  43  4:50  Evolution Chamber, Drone x3  
  45  5:16  Drone x10  
  45  5:18  Zerg Missile Weapons Level 1  
  54  5:27  Spine Crawler  
  53  5:28  Spine Crawler  
  53  5:31  Spine Crawler  
  51  5:36  Roach x5  
  60  5:51  Pneumatized Carapace  
  60  5:53  Roach  
  60  5:54  Roach  
  60  6:23  Roach  
  63  6:25  Drone  
  63  6:26  Drone x6  
  63  6:32  Overlord x2  
  69  6:33  Overlord x2  
  69  6:36  Hatchery  
  68  6:42  Extractor  
  68  6:45  Extractor  
  66  6:51  Hydralisk Den  
  66  6:53  Hatchery, Extractor  
  63  7:11  Overlord x2  
  63  7:13  Drone x4  
  63  7:14  Queen  
  69  7:19  Spore Crawler  
  69  7:21  Spore Crawler  
  67  7:30  Roach  
  67  7:31  Roach x6  
  67  7:34  Overseer x2  
  81  7:43  Hydralisk  
  81  7:44  Hydralisk x2  
  87  8:04  Spine Crawler  
  86  8:06  Spine Crawler  
  86  8:08  Spine Crawler  
  86  8:10  Spine Crawler  
  83  8:13  Queen  
  83  8:16  Drone x5  
  83  8:17  Drone x5  
  95  8:27  Queen  
  97  8:35  Hydralisk x9  
  115  8:59  Spore Crawler  
  115  9:01  Hydralisk  
  115  9:02  Hydralisk x5  
  126  9:16  Zerg Missile Weapons Level 2  
  126  9:20  Grooved Spines  
  126  9:22  Evolution Chamber  
  125  9:26  Glial Reconstitution  
  125  9:30  Drone  
  125  9:31  Extractor, Drone x2  
  128  9:32  Extractor  
  128  9:35  Drone x3  
  128  9:36  Overlord x4  
  129  10:16  Drone  
  129  10:17  Drone x4  
  134  10:29  Overlord  
  134  10:30  Overlord x5  
  134  10:31  Roach  
  134  10:32  Roach x14  
  164  10:45  Spine Crawler  
  164  10:48  Spine Crawler  
  164  10:49  Overlord x2  
  162  10:50  Hydralisk  
  162  10:51  Hydralisk x4  
  165  11:06  Drone x4  
  158  11:27  Hydralisk  
  158  11:28  Hydralisk x8  
  176  11:34  Drone x2, Spine Crawler  
  91  12:23  Roach  
  91  12:24  Roach x9, Hydralisk x7  
  120  12:43  Hydralisk x5  
  120  12:44  Hydralisk  
  130  12:57  Overseer, Ravager  
  126  13:15  Roach  
  126  13:16  Roach x7  
  142  13:25  Hydralisk Den  
  141  13:42  Overseer  
  129  14:06  Drone x3  
  129  14:08  Drone  
  129  14:09  Spore Crawler, Drone x2  
  134  14:10  Drone x3  
  137  14:24  Hatchery  
  93  14:49  Drone x5  
  93  14:50  Drone  
  99  14:56  Drone x3  
  99  14:57  Hydralisk  
  99  14:58  Hydralisk x2  
  108  15:16  Queen  
  110  15:38  Overseer  
  110  15:43  Hydralisk x11  
  110  15:45  Hydralisk  
  134  15:59  Spore Crawler  
  134  16:03  Drone  
  134  16:13  Queen  
  134  16:16  Roach x8  
  134  16:17  Roach x2  
  156  16:32  Zerg Ground Armor Level 1  
  156  16:49  Roach  
  156  16:50  Roach x14  
  186  17:06  Drone  
  186  17:07  Drone x2  
  189  17:25  Spore Crawler  
  189  17:27  Spore Crawler  
  187  17:52  Hydralisk  
  187  17:53  Hydralisk x5  
  199  18:04  Drone  
  157  18:55  Roach x5, Hydralisk  
  141  18:56  Roach x10, Hydralisk x18  
  169  19:29  Hydralisk x11  
  169  19:30  Roach  
  169  19:31  Roach x3  
  139  19:48  Roach x3  
  139  19:49  Roach x7  
  115  19:57  Hydralisk x3  
  86  20:15  Roach  
  86  20:16  Roach x5  
  82  20:37  Hydralisk x6  
  94  20:47  Hydralisk  
  94  20:48  Hydralisk  
  98  21:19  Hatchery  
  97  21:26  Hydralisk  
  97  21:27  Roach x5  
Show
View Real Time Build Order
Export as new Build Order

AteBitHavoc Terran - Winner!

Build Orders: 2 Factory, Mech 

Get SALT Encoding   

  12  0:00  SCV  
  13  0:12  SCV  
  14  0:17  Supply Depot  
  14  0:26  Refinery  
  14  0:28  SCV  
  15  0:40  SCV  
  16  0:45  Barracks  
  16  0:52  SCV  
  17  1:02  Refinery  
  17  1:04  SCV  
  18  1:20  SCV  
  19  1:33  Orbital Command  
  19  1:34  Reaper  
  20  1:40  Supply Depot  
  20  1:43  Bunker  
  20  2:00  SCV  
  21  2:05  Factory  
  21  2:21  Barracks Tech Lab  
  20  2:23  SCV  
  21  2:30  Factory  
  21  2:41  SCV  
  22  2:48  Barracks Reactor  
  22  2:52  Supply Depot  
  22  2:53  SCV  
  23  3:15  SCV  
  23  3:17  Cyclone  
  27  3:23  Infernal Pre-Igniter  
  26  3:35  SCV  
  26  3:39  Hellion x2  
  31  3:46  Command Center  
  31  3:48  SCV  
  32  3:52  Supply Depot  
  32  3:53  Barracks Tech Lab  
  32  3:58  Cyclone  
  35  4:03  SCV  
  35  4:07  Hellion  
  38  4:14  Hellion  
  40  4:17  Supply Depot  
  40  4:35  Cyclone  
  40  4:37  Hellion x2  
  47  4:42  Supply Depot  
  47  4:43  SCV  
  47  4:45  Mag-Field Accelerator  
  48  4:56  SCV  
  48  4:59  Orbital Command  
  49  5:13  Siege Tank, Hellion x2  
  56  5:22  Orbital Command  
  56  5:38  Hellion x2  
  44  6:13  Siege Tank, Hellion x2  
  44  6:18  SCV x2  
  48  6:31  Command Center  
  48  6:32  Starport  
  48  6:35  Barracks Tech Lab  
  48  6:36  Hellion x2  
  52  6:50  Siege Tank  
  59  7:01  Widow Mine x2  
  59  7:02  SCV x2, Factory  
  61  7:13  Starport Tech Lab  
  61  7:16  SCV x2  
  61  7:17  Starport  
  61  7:21  Armory, Refinery x2  
  63  7:23  Engineering Bay  
  63  7:28  Hellion x2  
  63  7:29  Siege Tank  
  70  7:33  Supply Depot, Viking  
  72  7:45  Cloaking Field  
  72  7:47  Siege Tank  
  75  7:52  SCV x2  
  75  7:53  SCV  
  78  8:04  SCV  
  79  8:12  Hyperflight Rotors  
  79  8:39  SCV x2  
  79  8:41  Thor  
  81  8:43  Terran Vehicle And Ship Armor Level 1  
  81  8:46  Supply Depot  
  81  8:48  Supply Depot, Banshee  
  87  8:51  Orbital Command  
  87  8:53  SCV x2  
  92  8:57  Siege Tank  
  92  9:01  Hellion x2  
  99  9:04  Armory  
  99  9:08  SCV x2  
  101  9:11  Supply Depot  
  101  9:15  Supply Depot  
  101  9:17  Supply Depot, Banshee  
  101  9:20  SCV  
  101  9:24  Refinery x2  
  105  9:31  Thor  
  111  9:33  SCV x2  
  113  9:40  SCV  
  113  9:42  Banshee  
  117  9:47  Supply Depot  
  117  9:48  Supply Depot  
  117  9:50  Supply Depot  
  117  10:02  Hellion x2  
  117  10:03  Banshee  
  124  10:09  Thor  
  124  10:14  Terran Vehicle Weapons Level 1  
  130  10:23  Thor  
  136  10:30  Supply Depot  
  136  10:41  Banshee  
  143  10:43  Hellion x2  
  143  10:46  Terran Ship Weapons Level 1  
  143  10:51  Banshee  
  143  10:53  SCV  
  143  10:54  SCV x2  
  145  11:15  Siege Tank x2, Hellion x2  
  153  11:20  Supply Depot  
  153  11:23  Armory  
  133  11:39  Hellion x2  
  137  11:52  Siege Tank x2  
  137  11:54  Supply Depot  
  143  11:59  SCV x3  
  78  12:25  Siege Tank x2, Hellion x2  
  74  12:45  Viking x2  
  78  13:08  Siege Tank x2, Hellion x2  
  88  13:36  Command Center  
  88  13:37  Terran Vehicle And Ship Armor Level 2  
  88  13:38  Terran Vehicle Weapons Level 2  
  88  13:39  Terran Ship Weapons Level 2  
  88  13:42  Command Center  
  88  13:52  Siege Tank x2, Hellion x2  
  88  13:53  Viking  
  88  13:54  Viking  
  102  14:08  SCV x2  
  104  14:10  Factory  
  104  14:11  Barracks Tech Lab  
  92  14:47  Fusion Core  
  92  14:52  Barracks Tech Lab  
  92  14:58  Planetary Fortress  
  92  15:12  SCV x2  
  94  15:24  Siege Tank x2, Hellion x2  
  94  15:25  Viking x2  
  108  15:32  Thor  
  114  15:41  SCV x3  
  117  15:47  Hellion x2  
  121  15:56  Planetary Fortress  
  121  15:58  Factory  
  121  16:03  Battlecruiser  
  127  16:11  SCV  
  127  16:12  SCV x2  
  127  16:14  Terran Vehicle And Ship Armor Level 3  
  130  16:24  Hellion x3  
  136  16:25  SCV  
  137  17:02  Sensor Tower  
  137  17:10  Hellion x2  
  137  17:11  Siege Tank x2  
  137  17:13  Battlecruiser  
  153  17:19  Hellion x2  
  153  17:21  Viking  
  159  17:24  Command Center  
  159  17:34  Hellion  
  159  17:35  Hellion  
  163  17:42  Terran Ship Weapons Level 3  
  163  17:45  Hellion x4  
  171  17:56  Hellion  
  173  18:21  Battlecruiser  
  173  18:23  Hellion x3  
  166  18:56  Siege Tank x3, Hellion x2  
  179  19:04  Siege Tank  
  174  19:28  Hellion x2  
  178  19:32  Planetary Fortress  
  147  19:50  Siege Tank  
  147  19:51  Hellion x2  
  122  20:20  Siege Tank x2, Hellion x2  
  122  20:30  Hellion  
  124  21:01  Refinery  
  124  21:08  Refinery  
  124  21:12  Raven  
  126  21:30  Hellion x4  
Tags
 
Composition
Mech
Matchup
TvZ
Replay Pack
replays
Spawn Locations
Cross Positions
Add a new tag
Caveats
  • Supply blocks, unpowered buildings, or Contaminate may cause inaccurate times.
  • Supply counts are checked every 10 seconds.